 Dungeon Crawl Stone Soup version 0.31.0-12-g77e489cdc1 (webtiles) character file.

Game seed: 14590732341976363695

36 H0rd4k the Charlatan (level 3, -2/23 HPs)
             Began as an Octopode Artificer on Feb 27, 2024.
             Slain by a gnoll
             ... wielding a +0 flail
              (14 damage)
             ... on level 2 of the Dungeon.
             The game lasted 00:01:26 (1121 turns).

H0rd4k the Charlatan (Octopode Artificer)           Turns: 1121, Time: 00:01:27

Health: -2/23      AC:  1    Str: 11    XL:     3   Next: 37%
Magic:  3/3        EV: 13    Int: 15    God:
Gold:   79         SH:  0    Dex: 12    Spells: 2/2 levels left

rFire   . .          .
                       - Unarmed
rCold   . . .        (no shield)
rNeg    . . .        (helmet restricted)
rPois   .            (no amulet)
rElec   .            (no ring)
rCorr   .            (no ring)
SInv    .            (no ring)
Will    .....        (no ring)
Stlth   +++          (no ring)
HPRegen 0.23/turn    (no ring)
MPRegen 0.08/turn    (no ring)
                     (no ring)

%: no passive effects
@: no status effects
A: almost no armour, amphibious, 8 rings, camouflage 1, gelatinous body 1,
(nimble swimmer 1), tentacles
a: no special abilities


You were on level 2 of the Dungeon.
You visited 1 branch of the dungeon, and saw 2 of its levels.

You collected 79 gold pieces.

Inventory:

Missiles
 h - 6 poisoned darts
Talismans
 a - a flux talisman
Wands
 b - a wand of flame (15) (quivered)
 c - a wand of charming (15)
 d - a wand of iceblast (5)
Scrolls
 f - a scroll of enchant armour {unknown}
 g - a scroll of identify {unknown}
 j - a scroll of teleportation {unknown}
Potions
 e - a potion of curing {unknown}
 i - a potion of berserk rage {unknown}


   Skills:
 + Level 1.6 Fighting
 - Level 2.3 Dodging
 - Level 1.3 Stealth
 + Level 1.9 Unarmed Combat
 - Level 3.2 Evocations
 * Level 1.1 Shapeshifting


You had 2 spell levels left.
You didn't know any spells.
Your spell library contained the following spells:

 Spells                   Type           Power      Damage    Failure   Level
 Necrotise                Necr           0%         1d4       26%         1
 Vampiric Draining        Necr           0%         2d6       63%         3
 Martyr's Knell           Necr/Summ      0%         N/A       95%         4
 Curse of Agony           Necr           0%         N/A       100%        5


Dungeon Overview and Level Annotations

Branches:
Dungeon (2/15)

Altars:


Innate Abilities, Weirdness & Mutations

You cannot wear most types of armour.
You are amphibious.
You can wear up to eight rings at the same time.
Your skin changes colour to match your surroundings (Stealth+).
Your rubbery body absorbs attacks. (AC +1, EV +1)
((You are camouflaged when in or above water. (Stealth+)))
You have tentacles for arms and can constrict up to eight enemies at once.


Message History

An endoplasm is nearby!
You see here a hobgoblin corpse.
An endoplasm is nearby!
The endoplasm freezes you.
You are frozen.
An endoplasm is nearby!
You tentacle-slap the endoplasm.
The endoplasm is moderately wounded.
The endoplasm barely misses you.
An endoplasm is nearby!
You tentacle-slap the endoplasm.
The endoplasm is severely wounded.
The endoplasm freezes you.
You are frozen.
An endoplasm is nearby!
You tentacle-slap the endoplasm.
You kill the endoplasm!
You see here a +0 dagger.
You now have 79 gold pieces (gained 15).
Found a stone staircase leading up.
No target in view! 3 gnolls and a hobgoblin come into view.
Found 7 gold pieces.
The gnoll shouts!
The hobgoblin shouts!
You hear an angry hiss.
A gnoll comes into view. It is wielding a +0 halberd.
A kobold comes into view. It is wielding a +0 short sword.
The gnoll shouts!
The gnoll misses you.
An adder comes into view.
There are monsters nearby!
You closely miss the gnoll.
The adder hisses angrily.
The gnoll shouts!
Your grab misses the gnoll. You squeeze the gnoll!
The gnoll is severely wounded.
A bat comes into view.
The gnoll hits you from afar with a +0 spear.
The gnoll hits you with a +0 flail! The gnoll attacks as it pursues you!
The gnoll hits you with a +0 flail!
Ouch! That really hurt!
You die... . .. .. bK#

... .#. ..#####.# ... .
... ......##.# <...
..##.# #........# .....
......####..#.....##....#
...............#..#.g.S.#
#...............gg....#
...#...†)......#.g..g...#
#.............#@#.#....#
##............#.#.# ..#
##.............#.# ...#
#.............#.# ..
#.....>.......#.##.#
##...............#.##
#.......###...#....#
##.......##....#.#.#
#...........##...#.#####


You could see 4 gnolls, an adder and a hobgoblin.

Vanquished Creatures
  2 ball pythons (D:1)
  6 endoplasms
  A giant cockroach (D:1)
  5 goblins
  A hobgoblin (D:2)
  2 quokkas
  4 bats
  2 frilled lizards
  6 kobolds
  4 rats (D:1)
33 creatures vanquished.

Notes
Turn   | Place    | Note
-------+----------+-------------------------------------------
     0 | D:1      | H0rd4k the Octopode Artificer began the quest for the Orb.
     0 | D:1      | Reached XP level 1. HP: 13/13 MP: 1/1
    88 | D:1      | Reached skill level 1 in Unarmed Combat
   102 | D:1      | Reached XP level 2. HP: 18/18 MP: 2/2
   979 | D:2      | Reached skill level 1 in Shapeshifting
   979 | D:2      | Reached XP level 3. HP: 19/23 MP: 3/3
  1121 | D:2      | Slain by a gnoll

Illustrated notes

Levels and vault maps discovered:
D:1:      saegor_arrival_simple_b, layout_loops_corners
D:2:      layout_rooms, shapermc_ecumenical_altar_flowoftime,
          small_statue_intersection, minmay_surrounded, uniq_natasha,
          uniq_jessica, uniq_robin

Skill      XL: |  1  2 |
---------------+-------+-----
Unarmed Combat | 1 |  1.9
Shapeshifting  | 1 |  1.1
Fighting       | |  1.6
Dodging        | |  2.3
Stealth        | |  1.3
Evocations     | |  3.2

Action                     || total
---------------------------++-------
  Melee: Unarmed           ||    77
         Constrict         ||    17
         Tentacles         ||    14
         Punch             ||     3
   Stab: Sleeping          ||     8
 Armour: Skin              ||    35
  Dodge: Dodged            ||    34
